cohdb
Replays
Latest Replays
All Replays
Popular Replays
Top Player Replays
Match Explorer
How It Works
Community
CoH3 Stats
Reddit
Sign in to upload your games and track your stats! →
Sign in with Steam
Match 35346783
Unlisted
Match 35346783
Overview
Messages
Build Orders
End
Kradschützen Motorcycle Team
Panzergrenadier Squad
Panzergrenadier Squad
Construct Light Support Kompanie
2.5-tonne Medical Truck
Panzergrenadier Squad
Construct Mechanized Kompanie
Veteran Squad Leaders
Vehicle Survival Package
Support Armor Elements
Selects Armored Support Battlegroup
StuG III D Assault Gun
Selects Salvage Kits
Emergency Repair Kits
Rapid Advance
Advanced Optics
Construct Panzerarmee Kommand
2.5-tonne Medical Truck
Panzer III L Medium Tank
Armored Reserves
Tungsten Core Ammunition
Flakvierling Half-track
Selects Veteran Gunners
s73r01d
Von Raesyr
Viperhunter
CPU - Expert
CPU - Expert
CPU - Expert
0
0
Comments
sign in to comment!
No comments posted yet!